 Dungeon Crawl Stone Soup version 0.30-a0-297-g0ec75d9ef4 (webtiles) character file.

Game seed: 2617150584366037702

522 Pooter the Insei (level 7, -8/48 (52) HPs)
             Began as a Gnoll Transmuter on Oct 19, 2022.
             Was a Believer of Kikubaaqudgha.
             Mangled by a gnoll
             ... wielding a +0 halberd
             ... led by a gnoll bouda
              (12 damage)
             ... on level 5 of the Dungeon.
             The game lasted 00:31:09 (4841 turns).

Pooter the Insei (Gnoll Transmuter)                 Turns: 4841, Time: 00:31:10

HP:   -8/48 (52)    AC:  4    Str:  9    XL:     7   Next: 22%
MP:   14/15         EV: 17    Int: 14    God:    Kikubaaqudgha [**....]
Gold: 170           SH:  0    Dex: 13    Spells: 7/17 levels left

rFire   . . .      SeeInvis .    H - +0 halberd
rCold   . . .      Faith    .    (shield currently unavailable)
rNeg    . . .      Spirit   .    m - +0 leather armour
rPois   +          Reflect  .    (helmet currently unavailable)
rElec   .          Harm     .    (no cloak)
rCorr   .          Rampage  .    c - +0 pair of gloves
Will    +....                    (boots currently unavailable)
Stlth   ++........               g - amulet of the acrobat
HPRegen 0.28/turn                D - ring of the Death Scarab {Will+ EV+4}
MPRegen 0.14/turn                P - ring of poison resistance

@: appendages, wereblooded (expiring), drained
A: horns 2, talons 2, fangs 1, strong nose, distributed training
a: End Transformation, Renounce Religion, Unearth Wretches


You were on level 5 of the Dungeon.
You worshipped Kikubaaqudgha.
Kikubaaqudgha was pleased with you.
You had temporarily grown beastly horns and talons.
You visited 1 branch of the dungeon, and saw 5 of its levels.

You collected 170 gold pieces.

Inventory:

Hand Weapons
 a - a +0 trident
   (You took it off an orc on level 5 of the Dungeon)
 d - a +0 short sword
   (You took it off a kobold on level 1 of the Dungeon)
 F - a +0 hand axe
   (You found it on level 1 of the Dungeon)
 H - a +0 halberd (weapon)
   (You found it on level 5 of the Dungeon)
Missiles
 l - 3 boomerangs
 y - 11 poisoned darts (quivered)
 z - a throwing net {!f}
 Q - 32 stones
Armour
 c - a +0 pair of gloves (worn)
   (You found it on level 1 of the Dungeon)
 h - a +0 robe
 m - a +0 leather armour (worn)
   (You found it on level 1 of the Dungeon)
 A - a +0 hat (melded)
   (You found it on level 4 of the Dungeon)
Jewellery
 g - an amulet of the acrobat (around neck)
   (You found it on level 1 of the Dungeon)
 D - the ring of the Death Scarab (left hand) {Will+ EV+4}
   (You acquired it on level 2 of the Dungeon)

   [ring of evasion]

   EV:        It affects your evasion (+4).
   Will:      It increases your willpower.
 G - an amulet of guardian spirit
   (You found it on level 1 of the Dungeon)
 P - a ring of poison resistance (right hand)
   (You found it on level 4 of the Dungeon)
Scrolls
 i - a scroll of fear {unknown}
 o - a scroll of blinking {unknown}
 t - 2 scrolls of teleportation {@r4}
 u - 2 scrolls of fog {unknown}
 x - a scroll of enchant armour {unknown}
 B - a scroll of magic mapping {unknown}
Potions
 b - a potion of lignification {!q}
 e - 3 potions of heal wounds {@q2}
 f - 2 potions of haste {unknown}
 j - 2 potions of invisibility {unknown}
 k - 2 potions of flight {unknown}
 n - 2 potions of might {unknown}
 p - a potion of resistance {unknown}
 q - 3 potions of brilliance
 r - 2 potions of curing {unknown}
 s - 2 potions of degeneration {unknown}
 v - a potion of magic {unknown}
 w - a potion of mutation {unknown}
 C - a potion of berserk rage {unknown}
 E - a potion of attraction {unknown}


   Skills:
 + Level 3.6 Fighting
 + Level 2.4 Short Blades
 + Level 2.4 Long Blades
 + Level 2.4 Axes
 + Level 2.4 Maces & Flails
 + Level 2.4 Polearms
 + Level 2.4 Staves
 + Level 2.4 Ranged Weapons
 + Level 2.4 Throwing
 + Level 2.4 Armour
 + Level 5.2 Dodging
 + Level 2.4 Stealth
 + Level 2.4 Shields
 + Level 7.0 Unarmed Combat
 + Level 5.6 Spellcasting
 + Level 2.0 Conjurations
 + Level 2.0 Hexes
 + Level 2.0 Summonings
 + Level 2.0 Necromancy
 + Level 2.0 Translocations
 + Level 4.3 Transmutations
 + Level 2.0 Fire Magic
 + Level 2.0 Ice Magic
 + Level 2.0 Air Magic
 + Level 2.0 Earth Magic
 + Level 2.0 Poison Magic
 + Level 2.7 Invocations
 + Level 2.4 Evocations


You had 7 spell levels left.
You knew the following spells:

 Your Spells              Type           Power      Damage    Failure   Level
a - Beastly Appendage     Tmut           32%        N/A       3%          1
b - Wereblood             Tmut           16%        N/A       6%          2
c - Necrotise             Necr           36%        1d5       10%         1
d - Ensorcelled Hibernat  Hex/Ice        18%        N/A       14%         2
e - Summon Small Mammal   Summ           36%        N/A       10%         1
x - Spider Form           Tmut/Pois      12%        N/A       19%         3

Your spell library contained the following spells:

 Spells                   Type           Power      Damage    Failure   Level
 Kiss of Death            Conj/Necr      36%        2d8       10%         1
 Shock                    Conj/Air       36%        1d5       10%         1
 Cigotuvi's Dreadful Rot  Necr/Pois/Air  18%        N/A       14%         2
 Dazzling Flash           Conj/Hex       18%        N/A       28%         3
 Gell's Gravitas          Tloc           9%         N/A       28%         3
 Lesser Beckoning         Tloc           18%        N/A       28%         3
 Teleport Other           Tloc           9%         N/A       28%         3
 Vampiric Draining        Necr           9%         2d6       28%         3
 Ice Form                 Ice/Tmut       12%        N/A       52%         4
 Anguish                  Hex/Necr       4%         N/A       67%         4
 Iskenderun's Mystic Bla  Conj/Tloc      9%         2d4       67%         4
 Manifold Assault         Tloc           9%         N/A       67%         4
 Dispersal                Tloc           4%         N/A       100%        6
 Starburst                Conj/Fire      4%         6d4       100%        6
 Disjunction              Tloc           4%         N/A       100%        8


Dungeon Overview and Level Annotations

Branches:
Dungeon (5/15)
 Temple: D:4-7

Altars:
Kikubaaqudgha


Innate Abilities, Weirdness & Mutations

You have temporarily grown beastly horns and talons.
You have very sharp teeth.
Your uncanny sense of smell can sniff out nearby items.
Your experience applies equally to all skills.


Message History

The gnoll misses you. The gnoll hits you but does no damage.
You hear a shout! x3
You reach to attack!
You hit the gnoll.
A gnoll comes into view. It is wielding a +0 halberd.
The gnoll completely misses you.
You reach to attack!
You hit the gnoll. The gnoll barely misses you. x2
You reach to attack!
You puncture the gnoll!
You kill the gnoll!
Kikubaaqudgha accepts your kill.
A gnoll comes into view. It is wielding a +0 flail.
You reach to attack!
You closely miss the gnoll.
A gnoll bouda comes into view. It is wielding a +0 club.
You puncture the gnoll! You headbutt the gnoll.
You kill the gnoll!
Kikubaaqudgha accepts your kill.
The gnoll bouda barks out a call to the hunt!
You hit the gnoll bouda but do no damage.
The gnoll bouda barely misses you. The gnoll barely misses you.
You hit the gnoll bouda but do no damage.
You howl as the wereblood boils in your veins!
The gnoll bouda hits you with a +0 club.
The gnoll hits you from afar with a +0 halberd!
You slash the gnoll bouda! Your kick misses the gnoll bouda.
You howl as the wereblood boils in your veins!
The gnoll bouda closely misses you. The gnoll closely misses you.
The gnoll bouda closely misses you. The gnoll misses you.
You hit the gnoll bouda. You headbutt the gnoll bouda.
A gnoll comes into view. It is wielding a +0 sling.
The gnoll bouda closely misses you.
The gnoll hits you from afar with a +0 halberd.
The gnoll moves out of view.
You closely miss the gnoll bouda. Your kick misses the gnoll bouda.
The gnoll bouda closely misses you.
The gnoll hits you from afar with a +0 halberd!
* * * LOW HITPOINT WARNING * * *
The gnoll bouda misses you.
The gnoll hits you from afar with a +0 halberd!
* * * LOW HITPOINT WARNING * * *
You closely miss the gnoll bouda. You claw the gnoll bouda.
You headbutt the gnoll bouda.
You howl as the wereblood boils in your veins!
Your primal bloodlust is almost over.
The gnoll bouda utters an invocation to its god.
The gnoll bouda is healed somewhat.
The gnoll misses you.
Unknown command.
You barely miss the gnoll bouda. Your kick misses the gnoll bouda.
The gnoll bouda misses you.
The gnoll hits you from afar with a +0 halberd!
You die...
Kikubaaqudgha rasps: "You have failed me!
Welcome... death!"

∆ #### ...# ###
##### ## ##.#
.# ... #... g.
#.#
....#.##.####g#
#.#
#........@g.#
#.#
#...###.#######
#.# ##.# #.#
#.# #.# #.#
##.# #.# #.#
...# #.# #.#
#..# #.# #.#
#..# #.# #.#
#..####.####.#


You could see a gnoll bouda and 2 gnolls.

Vanquished Creatures
  An ogre (D:5)
  A necrophage (D:5)
  A scorpion (D:4)
  A wight (D:4)
  An iguana (D:5)
  2 orc wizards
  9 adders
  2 gnolls (D:5)
  A worm (D:2)
  3 dart slugs
  7 orcs
  8 bats
  6 endoplasms
  2 giant cockroaches (D:2)
  5 goblins
  7 hobgoblins
  6 jackals
  2 quokkas
  6 ball pythons
  3 frilled lizards
  8 kobolds
  7 rats
89 creatures vanquished.

Notes
Turn   | Place    | Note
-------+----------+-------------------------------------------
     0 | D:1      | Pooter the Gnoll Transmuter began the quest for the Orb.
     0 | D:1      | Reached XP level 1. HP: 17/17 MP: 6/6
   247 | D:1      | Reached XP level 2. HP: 23/23 MP: 7/7
   315 | D:1      | Learned a level 2 spell: Wereblood
   760 | D:1      | Reached skill level 5 in Spellcasting
   760 | D:1      | Reached XP level 3. HP: 28/28 MP: 4/9
   802 | D:1      | Learned a level 3 spell: Spider Form
   896 | D:1      | Reached skill level 1 in Invocations
  1425 | D:2      | Reached skill level 1 in Short Blades
  1425 | D:2      | Reached skill level 1 in Long Blades
  1425 | D:2      | Reached skill level 1 in Axes
  1425 | D:2      | Reached skill level 1 in Maces & Flails
  1425 | D:2      | Reached skill level 1 in Polearms
  1425 | D:2      | Reached skill level 1 in Staves
  1425 | D:2      | Reached skill level 1 in Ranged Weapons
  1425 | D:2      | Reached skill level 1 in Throwing
  1425 | D:2      | Reached skill level 1 in Armour
  1425 | D:2      | Reached skill level 1 in Stealth
  1425 | D:2      | Reached skill level 1 in Shields
  1425 | D:2      | Reached skill level 1 in Evocations
  1663 | D:2      | Found a faded altar of an unknown god.
  1671 | D:2      | Prayed at the altar of an unknown god.
  1671 | D:2      | Became a worshipper of Kikubaaqudgha
  1671 | D:2      | Reached * piety under Kikubaaqudgha
  1671 | D:2      | Received a gift from Kikubaaqudgha
  1711 | D:2      | Identified a scroll of acquirement
  1712 | D:2      | Acquired the ring of the Death Scarab {Will+ EV+4}
  1741 | D:2      | Reached XP level 4. HP: 34/34 MP: 11/11
  2147 | D:2      | Learned a level 1 spell: Necrotise
  2436 | D:3      | Reached skill level 1 in Conjurations
  2436 | D:3      | Reached skill level 1 in Hexes
  2436 | D:3      | Reached skill level 1 in Summonings
  2436 | D:3      | Reached skill level 1 in Necromancy
  2436 | D:3      | Reached skill level 1 in Translocations
  2436 | D:3      | Reached skill level 1 in Fire Magic
  2436 | D:3      | Reached skill level 1 in Ice Magic
  2436 | D:3      | Reached skill level 1 in Air Magic
  2436 | D:3      | Reached skill level 1 in Earth Magic
  2436 | D:3      | Reached skill level 1 in Poison Magic
  2690 | D:3      | Reached XP level 5. HP: 37/40 MP: 9/12
  3082 | D:4      | Reached XP level 6. HP: 46/47 MP: 11/13
  3205 | D:4      | Reached ** piety under Kikubaaqudgha
  3408 | D:4      | Learned a level 2 spell: Ensorcelled Hibernation
  3860 | D:4      | Got Starting the Arcane Arts
  3863 | D:4      | Learned a level 1 spell: Summon Small Mammal
  4000 | D:4      | Reached skill level 5 in Dodging
  4041 | D:5      | Entered Level 5 of the Dungeon
  4308 | D:5      | Reached XP level 7. HP: 30/52 MP: 13/15
  4407 | D:5      | Reached skill level 7 in Unarmed Combat
  4841 | D:5      | Mangled by a gnoll

Illustrated notes

Levels and vault maps discovered:
D:1:      amcnicky_arrival_single_pillar, layout_basic,
          chequers_serial_rivers_micro_a
D:2:      layout_loops_corners, basic_ecumenical_altar,
          kennysheep_generic_room_7
D:3:      layout_rooms, kennysheep_small_spiral
D:4:      layout_gridville, minmay_close_crescents
D:5:      layout_loops_ring, uniq_crazy_yiuf_cottage

Skill      XL: |  1  2  3  4  5  6  7 |
---------------+----------------------+-----
Spellcasting   | 5 |  5.6
Invocations    | 1 2 |  2.7
Short Blades   | 1 2 |  2.4
Long Blades    | 1 2 |  2.4
Axes           | 1 2 |  2.4
Maces & Flails | 1 2 |  2.4
Polearms       | 1 2 |  2.4
Staves         | 1 2 |  2.4
Ranged Weapons | 1 2 |  2.4
Throwing       | 1 2 |  2.4
Armour         | 1 2 |  2.4
Stealth        | 1 2 |  2.4
Shields        | 1 2 |  2.4
Evocations     | 1 2 |  2.4
Conjurations   | 1 2 |  2.0
Hexes          | 1 2 |  2.0
Summonings     | 1 2 |  2.0
Necromancy     | 1 2 |  2.0
Translocations | 1 2 |  2.0
Fire Magic     | 1 2 |  2.0
Ice Magic      | 1 2 |  2.0
Air Magic      | 1 2 |  2.0
Earth Magic    | 1 2 |  2.0
Poison Magic   | 1 2 |  2.0
Fighting       | 3 |  3.6
Transmutations | 4 |  4.3
Dodging        | 5 |  5.2
Unarmed Combat | 7 |  7.0

Action                   |  1- 3 |  4- 6 |  7- 9 || total
-------------------------+-------+-------+-------++-------
Melee: Unarmed           |    12 |    25 |     2 ||    39
       Kick              |    12 |    18 |     1 ||    31
       Short sword       |    30 |       |       ||    30
       Bite              |    10 |    12 |       ||    22
       Hand axe          |    75 |   137 |       ||   212
       Headbutt          |     4 |    14 |     3 ||    21
       Punch             |     3 |     4 |       ||     7
       Halberd           |       |       |    29 ||    29
       Trident           |       |       |    12 ||    12
Throw: Stone             |     1 |       |       ||     1
       Boomerang         |       |     3 |       ||     3
       Dart              |       |     6 |       ||     6
 Cast: Beastly Appendage |    12 |    12 |     1 ||    25
       Wereblood         |     5 |     3 |     1 ||     9
       Necrotise         |       |    10 |       ||    10
       Spider Form       |       |     4 |     1 ||     5
       Summon Small Mamm |       |     6 |       ||     6
       Ensorcelled Hiber |       |     1 |       ||     1
  Use: Scroll            |     4 |     1 |       ||     5
 Stab: Sleeping          |       |     1 |     1 ||     2
Armor: Robe              |    19 |       |       ||    19
       Leather armour    |    24 |    33 |     6 ||    63
       Skin              |       |     1 |       ||     1
Dodge: Dodged            |   112 |   189 |    34 ||   335

Table legend: (Time is in decaauts)
 A = Elapsed time spent in this place.
 B = Non-inter-level travel time spent in this place.
 C = Inter-level travel time spent in this place.
 D = Time resting spent in this place.
 E = Time spent auto-exploring this place.
 F = Levels seen in this place.
 G = Mean time per level.
                   A        B        C        D        E       F      G
               +--------+--------+--------+--------+--------+-----+--------+
         Total |   4895 |   4816 |     79 |    486 |   3275 |   5 |  979.0 |
       Dungeon |   4895 |   4816 |     79 |    486 |   3275 |   5 |  979.0 |
               +--------+--------+--------+--------+--------+-----+--------+

Top non-repeatable levels by time:
     D:1: 1325 daAuts
     D:4: 1197 daAuts
     D:2: 919 daAuts
     D:5: 816 daAuts
     D:3: 636 daAuts
